 Dungeon Crawl Stone Soup version 0.31-a0-431-g88bdf31460 (webtiles) character file.

Game seed: 9937706928899642124

14010 testman the Fighter (level 11, -10/153 HPs)
             Began as a Red Draconian Shapeshifter on July 31, 2023.
             Was a High Priest of Okawaru.
             Mangled by an enormous slime creature (60 damage)
             ... on level 12 of the Dungeon.
             The game lasted 00:26:08 (8415 turns).

testman the Fighter (Red Draconian Shapeshifter)    Turns: 8415, Time: 00:26:08

Health: -10/153    AC:  7    Str: 27    XL:     11   Next: 83%
Magic:  15/16      EV: 21    Int:  9    God:    Okawaru [*****.]
Gold:   673        SH:  8    Dex: 12    Spells: 10/10 levels left

rFire   + .          .
                       - Unarmed
rCold   . . .        R - +2 buckler
rNeg    . . .        (body armour unavailable)
rPois   .            (helmet currently unavailable)
rElec   .            (cloak currently unavailable)
rCorr   .            (gloves currently unavailable)
SInv    .            (boots currently unavailable)
Will    .....        c - amulet of regeneration Stlth
                     P - +6 ring of strength
HPRegen 1.25/turn    E - +5 ring of evasion
MPRegen 0.15/turn

%: no passive effects
@: berserking, short of breath, beast-form, heroic, very quick
A: beast (slay +6), breathe fire, AC +7, unfitting armour, fire resistance 1,
cold-blooded
a: Breathe Fire, Begin Untransformation, Renounce Religion, Heroism, Finesse,
Duel


You were on level 12 of the Dungeon.
You worshipped Okawaru.
Okawaru was extremely pleased with you.
You were a hulking beast.
You visited 2 branches of the dungeon, and saw 13 of its levels.

You collected 673 gold pieces.

Inventory:

Hand Weapons
 d - a +0 spear
 e - a +2 dagger of venom
 l - a +1 sling of freezing
 J - a +4 antimagic sling
 M - a +0 demon whip of venom
Missiles
 w - 11 darts of dispersal
 B - 6 boomerangs
Armour
 f - a +0 pair of boots
 q - a +0 pair of gloves
 R - a +2 buckler (worn)
Jewellery
 c - an amulet of regeneration (around neck)
 m - a ring of protection from fire
 r - a ring of willpower
 E - a +5 ring of evasion (right hand)
 K - an amulet of the acrobat
 O - an amulet of guardian spirit
 P - a +6 ring of strength (left hand)
Talismans
 b - a beast talisman (active)
Wands
 y - a wand of mindburst (12)
 C - a wand of polymorph (13)
 D - a wand of flame (33)
 L - a wand of light (6)
Scrolls
 h - a scroll of fear
 i - 2 scrolls of summoning {unknown}
 k - 3 scrolls of vulnerability
 o - 4 scrolls of noise {unknown}
 p - 9 scrolls of teleportation {unknown}
 t - 2 scrolls of poison {unknown}
 u - 2 scrolls of amnesia {unknown}
 v - a scroll of blinking {unknown}
 x - a scroll of brand weapon {unknown}
 z - a scroll of revelation {unknown}
 I - 2 scrolls of immolation {unknown}
 Q - a scroll of identify
Potions
 a - 6 potions of lignification
 g - 2 potions of might
 j - 2 potions of resistance
 n - 3 potions of cancellation
 s - 6 potions of heal wounds
 A - a potion of attraction
 F - 4 potions of curing
 G - a potion of magic
 N - 2 potions of enlightenment


   Skills:
 + Level 11.4(16.4) Fighting
 - Level 6.6(11.6) Dodging
 - Level 4.0(9.0) Shields
 + Level 7.2(12.2) Unarmed Combat
 + Level 7.7 Invocations
 + Level 9.3 Shapeshifting


You had 10 spell levels left.
You didn't know any spells.
Your spell library contained the following spells:

 Spells                   Type           Power      Damage    Failure   Level
 Foxfire                  Conj/Fire      0%         2x1d4     41%         1
 Kiss of Death            Conj/Necr      0%         2d5       41%         1
 Magic Dart               Conj           0%         1d3       41%         1
 Searing Ray              Conj           0%         2d4       56%         2
 Confusing Touch          Hex            0%         N/A       80%         3
 Ignite Poison            Fire/Tmut/Pois 0%         N/A       80%         3
 Dispel Undead            Necr           0%         3d6       99%         4
 Fulminant Prism          Conj/Hex       0%         3d5       99%         4
 Sticky Flame             Conj/Fire      0%         2d3       99%         4
 Plasma Beam              Fire/Air       0%         2x1d10    100%        6
 Starburst                Conj/Fire      0%         6d3       100%        6
 Ignition                 Fire           0%         3d3       100%        8


Dungeon Overview and Level Annotations

Branches:
Dungeon (12/15)            Temple (1/1) D:7            Lair (0/5) D:10
    Orc (0/2) D:10

Altars:
Ashenzari
Cheibriados
Dithmenos
Elyvilon
Fedhas
Gozag
Hepliaklqana
Kikubaaqudgha
Makhleb
Nemelex Xobeh
Okawaru
Qazlal
Ru
Sif Muna
Trog
Uskayaw
Vehumet
Wu Jian
Xom
Yredelemnul
Zin
The Shining One

Annotations:
D:9 2 transporters, bahustanut's ghost, novice OpSh
D:10 3 runed translucent doors, CraigForest's ghost, journeyman DsMo


Innate Abilities, Weirdness & Mutations

You are a hulking beast.
Your limbs bulge with bestial killing power. (Slay +6)
You can breathe blasts of fire.
Your fiery red scales are hard. (AC +7)
You cannot fit into any form of body armour.
Your flesh is heat resistant. (rF+)
You are cold-blooded and may be slowed by cold attacks.


Message History

You breathe a blast of fire.
The fiery breath hits the large slime creature!
The large slime creature is severely wounded.
The fiery breath hits the slime creature!
The slime creature is lightly wounded.
The fiery breath hits the slime creature!
The slime creature is moderately wounded.
The fiery breath hits the slime creature.
The slime creature is lightly wounded.
Two slime creatures merge to form a very large slime creature.
A slime creature comes into view.
You punch the very large slime creature!
You tail-slap the very large slime creature.
The very large slime creature is severely wounded.
The very large slime creature hits you!!!
Two slime creatures merge to form an enormous slime creature.
Two slime creatures merge to form a large slime creature.
You hit the enormous slime creature.
The enormous slime creature is heavily wounded.
Okay, then.
You gain the combat prowess of a mighty hero.
You hit the enormous slime creature.
The enormous slime creature is heavily wounded.
The enormous slime creature hits you!!!
* * * LOW HITPOINT WARNING * * *
You feel much better. The enormous slime creature hits you!
* * * LOW HITPOINT WARNING * * *
Things that are here:
a +0 dagger; a +3 ring mail The enormous slime creature attacks as you move away!
The enormous slime creature completely misses you.
Okay, then.
Okay, then.
A red film seems to cover your vision as you go berserk!
You feel yourself moving faster!
You feel mighty!
The enormous slime creature barely misses you.
You pummel the enormous slime creature!!
The enormous slime creature is severely wounded.
The enormous slime creature hits you!!!
You die...

####.##..###..##
...[.......##...#
...............########
......................
..#.#.#.#...##########
#............##
###>^.#.#.....######
###.###.###.#......##
###........hJJ.........
#.....#######))........
#..##.<# #.#.####.# . ...
#..# #.#†# #... . #....
####)#.####.....
........................
###...........##.#.......
.......................
...............##....#..


You could see an enormous slime creature and a large slime creature.

Vanquished Creatures
  A two-headed ogre (D:11)
  Amaemon (D:9)
  An ugly thing (D:11)
  A manticore (D:11)
  A cyclops (D:11)
  Joseph (D:7)
  An orange demon (D:9)
  2 gargoyles (D:11)
  2 trolls
  Grinder (D:3)
  2 shadows
  28 yaks
  2 wraiths
  An unseen horror simulacrum (D:10)
  2 acid dragons
  5 water moccasins
  7 orc warriors
  5 black bears
  An ice beast (D:6)
  A wolf (D:10)
  4 centaurs
  2 phantoms
  5 bullfrogs
  Blork the orc (D:6)
  4 scorpions
  10 wights
  2 electric eels (D:10)
  6 howler monkeys
  4 jellies
  2 hounds (D:7)
  A gnoll bouda (D:4)
  9 orc priests
  An iron imp (D:7)
  A sleepcap (D:7)
  Jessica (D:2)
  4 iguanas
  Terence (D:2)
  13 orc wizards
  5 gnolls (D:4)
  8 adders
  2 white imps
  An ufetubus (D:5)
  2 worms
  2 dart slugs (D:2)
  35 orcs
  4 bats
  9 endoplasms
  A giant cockroach (D:1)
  8 goblins
  10 hobgoblins
  3 jackals (D:2)
  5 kobolds
  6 quokkas
  3 ball pythons
  4 frilled lizards
  2 goblin skeletons (D:7)
  A goblin zombie (D:7)
  2 hobgoblin zombies (D:7)
  4 orc skeletons (D:7)
  2 orc zombies (D:7)
  7 rats
263 creatures vanquished.

Notes
Turn   | Place    | Note
-------+----------+-------------------------------------------
     0 | D:1      | testman the Draconian Shapeshifter began the quest for the
                  | Orb.
     0 | D:1      | Reached XP level 1. HP: 16/16 MP: 1/1
    92 | D:1      | Reached XP level 2. HP: 21/23 MP: 2/2
   458 | D:2      | Reached skill level 2 in Fighting
   571 | D:2      | Reached XP level 3. HP: 25/29 MP: 3/3
   580 | D:2      | Found a shimmering altar of Xom.
   628 | D:2      | Noticed Terence
   646 | D:2      | Killed Terence
   649 | D:2      | Reached XP level 4. HP: 15/37 MP: 4/4
   680 | D:2      | Found a faded altar of an unknown god.
  1119 | D:2      | Noticed Jessica
  1125 | D:2      | Killed Jessica
  1126 | D:2      | Reached skill level 3 in Fighting
  1260 | D:3      | Reached XP level 5. HP: 44/45 MP: 5/5
  1268 | D:3      | Noticed Grinder
  1274 | D:3      | Paralysed by Grinder for 4 turns
  1303 | D:3      | Killed Grinder
  1304 | D:3      | Reached skill level 4 in Fighting
  1304 | D:3      | Reached XP level 6. HP: 23/52 MP: 6/6
  1616 | D:3      | You fall into a shaft and drop 1 floor!
  1788 | D:4      | Your scales start taking on a fiery red colour.
  1788 | D:4      | Reached XP level 7. HP: 49/60 MP: 7/7
  1788 | D:4      | Gained mutation: Your flesh is heat resistant. (rF+) [Red
                  | Draconian growth]
  2133 | D:4      | Reached skill level 5 in Fighting
  2514 | D:5      | Entered Level 5 of the Dungeon
  2527 | D:5      | Reached skill level 5 in Shapeshifting
  2563 | D:5      | Reached skill level 5 in Dodging
  2839 | D:5      | Reached skill level 6 in Fighting
  2839 | D:5      | Reached XP level 8. HP: 69/70 MP: 8/8
  2971 | D:5      | Found a blossoming altar of Fedhas.
  3497 | D:6      | Noticed Blork the orc
  3507 | D:6      | Killed Blork the orc
  3594 | D:6      | Reached skill level 7 in Fighting
  4081 | D:7      | Reached XP level 9. HP: 63/79 MP: 9/9
  4282 | D:7      | Noticed Joseph
  4371 | D:7      | Found a glowing golden altar of the Shining One.
  4486 | D:7      | Killed Joseph
  4487 | D:7      | Reached skill level 8 in Fighting
  4539 | D:7      | Found a staircase to the Ecumenical Temple.
  4548 | Temple   | Entered the Ecumenical Temple
  4626 | Temple   | Became a worshipper of Warmaster Okawaru
  4759 | D:7      | Reached skill level 1 in Invocations
  4777 | D:7      | Reached skill level 9 in Fighting
  4787 | D:7      | Reached * piety under Okawaru
  5329 | D:8      | Reached XP level 10. HP: 50/82 MP: 12/12
  5492 | D:9      | Found a shimmering altar of Xom.
  5500 | D:9      | Noticed Amaemon
  5522 | D:9      | Found a hazy altar of Hepliaklqana.
  5593 | D:9      | Noticed an orange demon
  5609 | D:9      | Killed Amaemon
  5609 | D:9      | Reached ** piety under Okawaru
  5616 | D:9      | Killed an orange demon
  6082 | D:9      | Found a transporter.
  6085 | D:9      | Noticed bahustanut's ghost (novice OpSh)
  6089 | D:9      | Noticed a deep troll
  6089 | D:9      | Noticed a moth of wrath
  6090 | D:9      | Found a bloodstained altar of Trog.
  6099 | D:9      | Found a transporter.
  6456 | D:10     | Entered Level 10 of the Dungeon
  6459 | D:10     | Noticed CraigForest's ghost (journeyman DsMo)
  6462 | D:10     | Noticed a manticore
  6472 | D:10     | Reached skill level 5 in Invocations
  6555 | D:10     | Reached skill level 10 in Fighting
  6574 | D:10     | Reached skill level 5 in Unarmed Combat
  6578 | D:10     | Reached *** piety under Okawaru
  6820 | D:10     | Found a staircase to the Lair.
  6931 | D:10     | Found a basalt altar of Yredelemnul.
  6977 | D:10     | Found a runed translucent gate.
  6978 | D:10     | Found a runed translucent gate.
  6982 | D:10     | Found a runed translucent gate.
  7101 | D:10     | Reached skill level 1 in Shields
  7101 | D:10     | Reached XP level 11. HP: 81/101 MP: 15/15
  7213 | D:10     | Reached **** piety under Okawaru
  7504 | D:10     | Found a staircase to the Orcish Mines.
  7887 | D:11     | Reached skill level 11 in Fighting
  7947 | D:11     | Reached ***** piety under Okawaru
  8061 | D:11     | Noticed a two-headed ogre
  8070 | D:11     | Killed a two-headed ogre
  8196 | D:11     | Noticed a green ugly thing
  8202 | D:11     | Killed a green ugly thing
  8415 | D:12     | Mangled by an enormous slime creature

Illustrated notes

Levels and vault maps discovered:
D:1:      nicolae_arrival_washed_ashore, layout_rooms
D:2:      layout_basic, shapermc_ecumenical_altar_venn, basic_altar,
          uniq_terence, uniq_jessica
D:3:      layout_loops_cross, dk_vineyard_3, minmay_crystal_room, uniq_grinder
D:4:      layout_basic
D:5:      layout_basic, kennysheep_mini
D:6:      layout_loops_ring, uniq_blork_the_orc
D:7:      layout_rooms, nicolae_tso_besieged_by_evil, minmay_temple_entry_glass,
          grunt_ministairs_10, kennysheep_crisscross, uniq_joseph
D:8:      layout_cave_pools
D:9:      layout_cave_pods, mainiacjoe_overflow_concentric_impassable,
          general_overflow_altar, gammafunk_ghost_wrathful_warriors,
          nicolae_figureground_sparkle, uniq_amaemon
D:10:     layout_roguey, mainiacjoe_overflow_alcove_1,
          grunt_lair_entry_orc_guard_hut, david_orc_4, gammafunk_ghost_split,
          serial_ice, serial_ice_n, serial_ice_d, serial_ice_b, serial_ice_j
D:11:     layout_roguey
D:12:     layout_rooms, serial_shops, nicolae_shop_drivethru
Temple:   minmay_temple_bridge_d

Skill      XL: |  1  2  3  4  5  6  7  8  9 10 11 |
---------------+----------------------------------+-----
Dodging        | 2 3 4 5 6 |  6.6
Fighting       | 2 3 4 6 7 9 10 11 | 11.4
Shapeshifting  | 4 5 6 7 8 9 |  9.3
Invocations    | 3 6 7 |  7.7
Unarmed Combat | 5 7 |  7.2
Shields        | 1 4 |  4.0

Action                     |  1- 3 |  4- 6 |  7- 9 | 10-12 || total
---------------------------+-------+-------+-------+-------++-------
  Melee: Unarmed           |     6 |       |       |   297 ||   303
         Dagger            |    63 |   104 |   399 |    36 ||   602
         Spear             |     2 |       |       |       ||     2
         Tailslap          |     8 |    10 |    64 |    70 ||   152
         Punch             |     1 |     1 |    12 |     9 ||    23
 Invoke: Heroism           |       |       |       |     6 ||     6
Ability: Breathe Fire      |       |       |     5 |    19 ||    24
    Use: Scroll            |       |     1 |     8 |     3 ||    12
         Potion            |       |       |       |     2 ||     2
   Stab: Sleeping          |       |     1 |       |       ||     1
 Armour: Skin              |    27 |    22 |    75 |    42 ||   166
  Dodge: Dodged            |    47 |    59 |   318 |   257 ||   681
  Block: Buckler           |       |       |       |    41 ||    41

Table legend: (Time is in decaauts)
 A = Elapsed time spent in this place.
 B = Non-inter-level travel time spent in this place.
 C = Inter-level travel time spent in this place.
 D = Time resting spent in this place.
 E = Time spent auto-exploring this place.
 F = Levels seen in this place.
 G = Mean time per level.
                   A        B        C        D        E       F      G
               +--------+--------+--------+--------+--------+-----+--------+
         Total |   8405 |   7979 |    426 |    138 |   5961 |  13 |  646.5 |
       Dungeon |   8254 |   7962 |    292 |    138 |   5961 |  12 |  687.8 |
        Temple |    150 |     16 |    134 |      0 |      0 |   1 |  150.0 |
               +--------+--------+--------+--------+--------+-----+--------+

Top non-repeatable levels by time:
    D:10: 1137 daAuts
     D:9: 942 daAuts
     D:4: 897 daAuts
     D:6: 800 daAuts
     D:5: 773 daAuts
     D:2: 726 daAuts
    D:11: 723 daAuts
     D:7: 683 daAuts
     D:8: 582 daAuts
     D:3: 452 daAuts
     D:1: 441 daAuts
  Temple: 150 daAuts
    D:12: 92 daAuts
